 Dungeon Crawl Stone Soup version 0.21-a0-344-g2144152 (webtiles) character file.

5074 Amnesiac the Geomancer (level 10, -3/74 HPs)
             Began as a Gnoll Earth Elementalist on Oct 4, 2017.
             Was a Follower of Ashenzari.
             Slain by an orc warrior
             ... wielding a +0 glaive
              (21 damage)
             ... on level 10 of the Dungeon.
             The game lasted 00:12:55 (4709 turns).

Amnesiac the Geomancer (Gnoll Earth Elementalist)   Turns: 4709, Time: 00:12:56

Health: -3/74      AC:  8    Str: 11    XL:     10   Next: 56%
Magic:  10/21      EV: 17    Int: 27    God:    Ashenzari [*.....]
Gold:   441        SH:  5    Dex: 15    Spells: 11/23 levels left

rFire    + . .     SeeInvis .   r - +1 dagger (elec) (curse)
rCold    + . .     Gourm    .   u - +0 buckler
rNeg     . . .     Faith    .   Q - +1 robe "Tolid" {Int+6} (curse)
rPois    .         Spirit   .   y - +2 hat (curse)
rElec    .         Reflect  .   n - +2 cloak (curse)
rCorr    .         Harm     .   (no gloves)
MR       .....                  (no boots)
Stlth    +++.......             (no amulet)
HPRegen  0.22/turn              S - ring of protection from cold
MPRegen  0.17/turn              I - ring of protection from fire

@: no status effects
A: distributed training, fangs 1, strong nose
a: Curse Item, Scrying, Renounce Religion


You were on level 10 of the Dungeon.
You worshipped Ashenzari.
Ashenzari was aware of your devotion.
You were hungry.

You visited 2 branches of the dungeon, and saw 11 of its levels.

You collected 441 gold pieces.

Inventory:

Hand Weapons
 r - a cursed +1 dagger of electrocution (weapon)
Missiles
 b - 128 stones (quivered)
 m - a throwing net
 U - 11 poisoned needles
Armour
 n - a cursed +2 cloak (worn)
 u - a +0 buckler (worn)
 y - a cursed +2 hat (worn)
 Q - the cursed +1 robe "Tolid" (worn) {Int+6}
   (You found it on level 7 of the Dungeon)

   It affects your intelligence (+6).
   It has a curse placed upon it.
Magical Staves
 z - an uncursed staff of wizardry
 B - an uncursed staff of power
Jewellery
 s - an uncursed ring of protection from magic
 I - a ring of protection from fire (right hand)
 L - an uncursed ring of poison resistance
 S - a ring of protection from cold (left hand)
Wands
 E - a wand of lightning (1/15)
 G - a wand of random effects (20/48)
 K - a wand of paralysis (14/24)
 N - a wand of lightning (7/15)
 X - a wand of random effects (19/48)
Scrolls
 f - 5 scrolls of identify {!r}
 g - a scroll of remove curse {!r}
 j - a scroll of fog {!r, unknown}
 o - 2 scrolls of noise {!r, unknown}
 p - a scroll of recharging {!r, unknown}
 q - a scroll of random uselessness {!r, unknown}
 w - 3 scrolls of teleportation {!r, unknown}
 J - a scroll of enchant weapon {!r, unknown}
 O - 3 scrolls of magic mapping {!r, unknown}
 W - 2 scrolls of fear {!r, unknown}
Potions
 c - a potion of magic {!q, unknown}
 h - a potion of lignification {!q, unknown}
 i - a potion of ambrosia {!q, unknown}
 l - 3 potions of brilliance {!q, unknown}
 t - a potion of agility {!q, unknown}
 x - a potion of resistance {!q, unknown}
 C - 5 potions of haste {!q, unknown}
 H - 2 potions of berserk rage {!q, unknown}
 M - 2 potions of cancellation {!q, unknown}
 P - 2 potions of curing {!q, unknown}
 T - a potion of flight {!q, unknown}
 V - a potion of might {!q, unknown}
 Y - a potion of mutation {!q, unknown}
Books
 e - a book of Geomancy

   Spells                             Type                      Level
   a - Sandblast                      Earth                        1
   b - Passwall                       Transmutation/Earth          2
   c - Stone Arrow                    Conjuration/Earth            3
   d - Petrify                        Transmutation/Earth          4
   e - Lee's Rapid Deconstruction     Earth                        5
 k - a book of Frost

   Spells                             Type                      Level
   a - Freeze                         Ice                          1
   b - Throw Frost                    Conjuration/Ice              2
   c - Ozocubu's Armour               Charms/Ice                   3
   d - Throw Icicle                   Conjuration/Ice              4
   e - Summon Ice Beast               Ice/Summoning                4
 D - Sif Muna's Tome of Cloudy Cold
   (You found it on level 5 of the Dungeon)

   Spells                             Type                      Level
   a - Poisonous Vapours              Poison/Air                   2
   b - Static Discharge               Conjuration/Air              3
   c - Summon Lightning Spire         Summoning/Air                4
   d - Lightning Bolt                 Conjuration/Air              5
   e - Bolt of Cold                   Conjuration/Ice              6
 F - a book of Minor Magic

   Spells                             Type                      Level
   a - Magic Dart                     Conjuration                  1
   b - Blink                          Translocation                2
   c - Call Imp                       Summoning                    2
   d - Slow                           Hexes                        2
   e - Conjure Flame                  Conjuration/Fire             3
   f - Mephitic Cloud                 Conjuration/Poison/Air       3
Comestibles
 a - 2 fruits
 d - 3 bread rations
 v - a meat ration
 A - 7 royal jellies


   Skills:
 + Level 5.3 Fighting
 + Level 5.3 Short Blades
 + Level 5.3 Long Blades
 + Level 5.3 Axes
 + Level 5.3 Maces & Flails
 + Level 5.3 Polearms
 + Level 5.3 Staves
 + Level 5.3 Slings
 + Level 5.3 Bows
 + Level 5.3 Crossbows
 + Level 5.3 Throwing
 + Level 5.3 Armour
 + Level 7.1 Dodging
 + Level 6.8 Stealth
 + Level 5.3 Shields
 + Level 5.3 Unarmed Combat
 + Level 7.4 Spellcasting
 + Level 5.3 Conjurations
 + Level 5.3 Hexes
 + Level 5.3 Charms
 + Level 5.3 Summonings
 + Level 5.3 Necromancy
 + Level 5.3 Translocations
 + Level 6.0 Transmutations
 + Level 5.3 Fire Magic
 + Level 5.3 Ice Magic
 + Level 5.3 Air Magic
 + Level 8.5 Earth Magic
 + Level 5.3 Poison Magic
 + Level 5.3 Invocations
 + Level 5.3 Evocations


You had 11 spell levels left.
You knew the following spells:

 Your Spells              Type           Power        Failure   Level  Hunger
a - Sandblast             Erth           ######       1%          1    None
b - Passwall              Tmut/Erth      #####.....   1%          2    None
d - Lee's Rapid Deconstr  Erth           ######....   4%          5    #####..
e - Petrify               Tmut/Erth      #####...     2%          4    ##.....


Dungeon Overview and Level Annotations

Branches:
Dungeon (10/15)            Temple (1/1) D:7             Orc (0/2) D:10
   Lair: D:8-11

Altars:
Ashenzari
Elyvilon
Gozag
Kikubaaqudgha
Nemelex Xobeh
Okawaru
Qazlal
Ru
Sif Muna
Vehumet
Wu Jian
Zin
Beogh

Shops:
D:6 !   D:9 (


Innate Abilities, Weirdness & Mutations

Your experience applies equally to all skills.
You have very sharp teeth.
Your uncanny sense of smell can sniff out nearby items.


Message History

3 orcs and an orc priest come into view.
The helpless orc knight fails to defend itself.
You spit the orc knight like a pig!!!
The orc knight is heavily wounded.
The orc priest shouts!
The orc shouts! x3; The orc warrior shouts!
The orc shouts!
You hear a screech!
The orc shouts!
You hear a shout!
The orc warrior shouts!
The orc priest shouts!
Casting: Passwall
Confirm with . or Enter, or press ? or * to list all spells.
Aiming: Lee's Rapid Deconstruction
Press: ? - help, Dir - move target cursor The door shatters!
The blast of rock fragments hits the orc warrior.
The orc warrior is heavily wounded.
The blast of rock fragments hits the orc warrior.
The orc warrior is moderately wounded.
The blast of rock fragments hits the orc knight.
The orc knight is severely wounded.
The orc priest shouts!
You are feeling hungry.
You hear a shout! x6; You hear a loud, deep croak!
The orc warrior completely misses you. The orc hits you with a club.
The orc completely misses you.
The orc knight hits you with a war axe!!
The orc warrior hits you from afar with a glaive!
* * * LOW HITPOINT WARNING * * *
The orc completely misses you.
A hippogriff comes into view.
Unknown command.
Casting: Lee's Rapid Deconstruction
Confirm with . or Enter, or press ? or * to list all spells.
Aiming: Lee's Rapid Deconstruction
Press: ? - help, Dir - move target cursor
Okay, then.
Casting: Lee's Rapid Deconstruction
Confirm with . or Enter, or press ? or * to list all spells.
Aiming: Lee's Rapid Deconstruction
Press: ? - help, Dir - move target cursor The stone idol shatters!
The blast of rock fragments hits the orc warrior.
You kill the orc warrior!
The blast of rock fragments hits the orc.
You kill the orc!
Your Transmutations skill increases to level 6!
The blast of rock fragments hits the orc warrior.
The orc warrior is severely wounded.
The blast of rock fragments hits the orc priest.
You kill the orc priest!
The blast of rock fragments hits the orc knight.
The orc knight is almost dead.
The blast of rock fragments hits the orc.
You kill the orc!
The blast of rock fragments hits the orc.
You kill the orc!
The orc priest calls upon Beogh to heal the orc warrior.
The orc warrior is healed somewhat.
The orc priest looks braver for a moment.
The orc completely misses you. The orc warrior barely misses you.
The orc knight roars a battlecry!
The orcs go into a battle-frenzy!
The orc hits you with a flail!
* * * LOW HITPOINT WARNING * * *
The orc warrior hits you from afar with a glaive!!
You die...

....^....
.........
.........#
#########........#
.>......#........#
∆
.H.....)#........#
.oo.⌠.oo#........#
..)..)o@#........#
o8..[ooo#........#
####.)8##........#
.......?.#####...#
...##.#..# #...#
%. #....# #...# .
###..# #...# #..#
#...#####.. #..#
#..........


You could see an orc knight, a hippogriff, 3 orc warriors, 2 orc priests and 3
orcs.

Vanquished Creatures
  Erica (D:8)
  A two-headed ogre (D:8)
  A cyclops (D:8)
  A queen bee (D:8)
  A hornet (D:8)
  Sigmund (D:6)
  Eustachio (D:5)
  A hungry ghost (D:9)
  A sky beast (D:9)
  A hornet zombie (D:8)
  3 ice beasts
  2 orc warriors
  A phantom (D:4)
  3 ogres
  2 centaurs
  2 bullfrogs (D:6)
  A scorpion (D:5)
  11 killer bees (D:8)
  A howler monkey (D:6)
  2 bullfrog zombies
  A centaur zombie (D:9)
  A crimson imp (D:9)
  A quasit (D:7)
  2 hounds
  Crazy Yiuf (D:5)
  2 orc priests
  A bullfrog skeleton (D:4)
  6 orc wizards
  3 worker ants
  A hound skeleton (D:4)
  A howler monkey skeleton (D:8)
  6 adders
  2 shadow imps
  An adder zombie (D:9)
  3 adder skeletons
  5 leopard geckos
  16 orcs
  A ball python (D:6)
  A bat (D:2)
  4 giant cockroaches
  2 goblins
  2 hobgoblins (D:2)
  11 jackals
  2 quokkas
  A kobold (D:1)
  2 leopard gecko skeletons
117 creatures vanquished.

Notes
Turn   | Place    | Note
-------+----------+-------------------------------------------
     0 | D:1      | Amnesiac the Gnoll Earth Elementalist began the quest for the Orb.
     0 | D:1      | Reached XP level 1. HP: 13/13 MP: 6/6
   146 | D:2      | Reached XP level 2. HP: 19/19 MP: 3/7
   158 | D:2      | Learned a level 2 spell: Passwall
   187 | D:2      | Reached XP level 3. HP: 25/25 MP: 2/9
   393 | D:4      | Reached skill level 5 in Spellcasting
   396 | D:4      | Noticed an ogre
   522 | D:4      | Killed an ogre
   522 | D:4      | Reached skill level 1 in Fighting
   522 | D:4      | Reached skill level 1 in Short Blades
   522 | D:4      | Reached skill level 1 in Long Blades
   522 | D:4      | Reached skill level 1 in Axes
   522 | D:4      | Reached skill level 1 in Maces & Flails
   522 | D:4      | Reached skill level 1 in Polearms
   522 | D:4      | Reached skill level 1 in Staves
   522 | D:4      | Reached skill level 1 in Slings
   522 | D:4      | Reached skill level 1 in Bows
   522 | D:4      | Reached skill level 1 in Crossbows
   522 | D:4      | Reached skill level 1 in Throwing
   522 | D:4      | Reached skill level 1 in Armour
   522 | D:4      | Reached skill level 1 in Shields
   522 | D:4      | Reached skill level 1 in Unarmed Combat
   522 | D:4      | Reached skill level 1 in Conjurations
   522 | D:4      | Reached skill level 1 in Hexes
   522 | D:4      | Reached skill level 1 in Charms
   522 | D:4      | Reached skill level 1 in Summonings
   522 | D:4      | Reached skill level 1 in Necromancy
   522 | D:4      | Reached skill level 1 in Translocations
   522 | D:4      | Reached skill level 1 in Fire Magic
   522 | D:4      | Reached skill level 1 in Ice Magic
   522 | D:4      | Reached skill level 1 in Air Magic
   522 | D:4      | Reached skill level 1 in Poison Magic
   522 | D:4      | Reached skill level 1 in Invocations
   522 | D:4      | Reached skill level 1 in Evocations
   522 | D:4      | Reached XP level 4. HP: 30/32 MP: 4/11
   522 | D:4      | Reached XP level 5. HP: 35/37 MP: 4/12
   531 | D:4      | Learned a level 4 spell: Petrify
   537 | D:4      | Learned a level 5 spell: Lee's Rapid Deconstruction
   856 | D:5      | Entered Level 5 of the Dungeon
  1035 | D:4      | Noticed a phantom
  1046 | D:4      | Killed a phantom
  1046 | D:4      | Reached XP level 6. HP: 39/44 MP: 9/13
  1171 | D:5      | Noticed Eustachio
  1180 | D:5      | Killed Eustachio
  1180 | D:5      | Reached skill level 5 in Dodging
  1442 | D:5      | Reached XP level 7. HP: 50/50 MP: 12/15
  1632 | D:5      | Reached skill level 7 in Earth Magic
  1663 | D:5      | Found a runed door.
  1667 | D:5      | Noticed Crazy Yiuf
  1671 | D:5      | Killed Crazy Yiuf
  1734 | D:5      | Identified Sif Muna's Tome of Cloudy Cold
  1943 | D:6      | Reached skill level 5 in Stealth
  2015 | D:6      | Found a deep blue altar of Sif Muna.
  2200 | D:6      | Found Hovvoph's Distillery.
  2210 | D:6      | Reached XP level 8. HP: 57/57 MP: 12/16
  2291 | D:6      | Noticed Sigmund
  2324 | D:6      | Killed Sigmund
  2543 | D:7      | Found a staircase to the Ecumenical Temple.
  2557 | Temple   | Entered the Ecumenical Temple
  2594 | Temple   | Became a worshipper of Ashenzari the Shackled
  3078 | D:7      | Got the cursed robe "Tolid" {Int+6}
  3080 | D:7      | Identified the cursed +1 robe "Tolid" {Int+6} (You found it on level 7 of the Dungeon)
  3103 | D:8      | Reached XP level 9. HP: 65/65 MP: 15/18
  3106 | D:8      | Noticed Erica
  3165 | D:8      | Noticed a cyclops
  3174 | D:8      | Killed a cyclops
  3251 | D:8      | Reached skill level 5 in Transmutations
  3393 | D:8      | Killed Erica
  3393 | D:8      | Reached skill level 8 in Earth Magic
  3436 | D:8      | Noticed a two-headed ogre
  3445 | D:8      | Killed a two-headed ogre
  3445 | D:8      | Reached XP level 10. HP: 73/73 MP: 5/20
  3603 | D:8      | Reached skill level 5 in Fighting
  3603 | D:8      | Reached skill level 5 in Short Blades
  3603 | D:8      | Reached skill level 5 in Long Blades
  3603 | D:8      | Reached skill level 5 in Axes
  3603 | D:8      | Reached skill level 5 in Maces & Flails
  3603 | D:8      | Reached skill level 5 in Polearms
  3603 | D:8      | Reached skill level 5 in Staves
  3603 | D:8      | Reached skill level 5 in Slings
  3603 | D:8      | Reached skill level 5 in Bows
  3603 | D:8      | Reached skill level 5 in Crossbows
  3603 | D:8      | Reached skill level 5 in Throwing
  3603 | D:8      | Reached skill level 5 in Armour
  3603 | D:8      | Reached skill level 5 in Shields
  3603 | D:8      | Reached skill level 5 in Unarmed Combat
  3603 | D:8      | Reached skill level 5 in Conjurations
  3603 | D:8      | Reached skill level 5 in Hexes
  3603 | D:8      | Reached skill level 5 in Charms
  3603 | D:8      | Reached skill level 5 in Summonings
  3603 | D:8      | Reached skill level 5 in Necromancy
  3603 | D:8      | Reached skill level 5 in Translocations
  3603 | D:8      | Reached skill level 5 in Fire Magic
  3603 | D:8      | Reached skill level 5 in Ice Magic
  3603 | D:8      | Reached skill level 5 in Air Magic
  3603 | D:8      | Reached skill level 5 in Poison Magic
  3603 | D:8      | Reached skill level 5 in Invocations
  3603 | D:8      | Reached skill level 5 in Evocations
  4385 | D:9      | Reached * piety under Ashenzari
  4494 | D:9      | Found Seoss's Weapon Emporium.
  4676 | D:10     | Entered Level 10 of the Dungeon
  4698 | D:10     | Found a roughly hewn altar of Beogh.
  4698 | D:10     | Found a staircase to the Orcish Mines.
  4699 | D:10     | Noticed an orc knight
  4709 | D:10     | Slain by an orc warrior

Vault maps used:
D:1:      giann_horns
D:2:      kennysheep_doodads, minmay_liquid_box, hex_tiny, kennysheep_cross_room
D:3:      uniq_ijyb, uniq_jessica
D:5:      first_bread, minmay_statues_item, uniq_crazy_yiuf_cottage,
          uniq_eustachio
D:6:      old_standard_altar, portal_sewer_entry_d, serial_shops, shop,
          uniq_sigmund
D:7:      temple_fountains
D:8:      david_nohive_1, uniq_erica
D:9:      serial_shops, kennysheep_mini
D:10:     david_lair_shrubbed, david_orc_5, grunt_dithmenos_shadows, uniq_grum
Temple:   compressed_dpeg_triangle_lava_temple

Skill      XL: |  1  2  3  4  5  6  7  8  9 10 |
---------------+-------------------------------+-----
Spellcasting   | 5 6 7 |  7.4
Fighting       | 1 2 3 4 5 |  5.3
Short Blades   | 1 2 3 4 5 |  5.3
Long Blades    | 1 2 3 4 5 |  5.3
Axes           | 1 2 3 4 5 |  5.3
Maces & Flails | 1 2 3 4 5 |  5.3
Polearms       | 1 2 3 4 5 |  5.3
Staves         | 1 2 3 4 5 |  5.3
Slings         | 1 2 3 4 5 |  5.3
Bows           | 1 2 3 4 5 |  5.3
Crossbows      | 1 2 3 4 5 |  5.3
Throwing       | 1 2 3 4 5 |  5.3
Armour         | 1 2 3 4 5 |  5.3
Shields        | 1 2 3 4 5 |  5.3
Unarmed Combat | 1 2 3 4 5 |  5.3
Conjurations   | 1 2 3 4 5 |  5.3
Hexes          | 1 2 3 4 5 |  5.3
Charms         | 1 2 3 4 5 |  5.3
Summonings     | 1 2 3 4 5 |  5.3
Necromancy     | 1 2 3 4 5 |  5.3
Translocations | 1 2 3 4 5 |  5.3
Fire Magic     | 1 2 3 4 5 |  5.3
Ice Magic      | 1 2 3 4 5 |  5.3
Air Magic      | 1 2 3 4 5 |  5.3
Poison Magic   | 1 2 3 4 5 |  5.3
Invocations    | 1 2 3 4 5 |  5.3
Evocations     | 1 2 3 4 5 |  5.3
Transmutations | 3 4 5 6 |  6.0
Dodging        | 5 6 7 |  7.1
Earth Magic    | 7 8 |  8.5
Stealth        | 5 6 |  6.8

Action                   |  1- 3 |  4- 6 |  7- 9 | 10-12 || total
-------------------------+-------+-------+-------+-------++-------
Melee: Short sword       |    14 |     5 |       |       ||    19
       Unarmed           |     1 |       |       |       ||     1
       Dagger            |       |    18 |   121 |    21 ||   160
       Bite              |       |     2 |    12 |       ||    14
       Punch             |       |       |     1 |       ||     1
Throw: Stone             |     3 |       |       |       ||     3
 Cast: Sandblast         |    16 |     8 |    22 |    19 ||    65
       Passwall          |     1 |     2 |    14 |     7 ||    24
       Lee's Rapid Decon |       |     1 |     2 |     3 ||     6
       Petrify           |       |       |    21 |    11 ||    32
Invok: Curse Item        |       |       |       |     3 ||     3
  Use: Scroll            |       |       |     1 |       ||     1
 Stab: Sleeping          |     2 |     2 |    13 |     7 ||    24
       Petrified         |       |       |    19 |     9 ||    28
       Petrifying        |       |       |     3 |       ||     3
  Eat: Chunk             |       |     2 |    10 |     4 ||    16
Armor: Robe              |     4 |     6 |    36 |     1 ||    47
Dodge: Dodged            |     8 |    20 |    81 |     7 ||   116
Block: Buckler           |       |       |    10 |     2 ||    12

Table legend:
 A = Spawn XP
 B = Non-spawn XP
 C = Spawn XP percentage of total XP
 D = Spawn monster count
 E = Non-spawn monster count
 F = Spawn count percentage of total count
 G = Total turns spent on level
                    A         B        C        D         E        F      G
               +---------+---------+-------+---------+---------+-------+---------
         Total |       0 |    7249 |   0.0 |       0 |     117 |   0.0 |  4709
               +---------+---------+-------+---------+---------+-------+---------
           D:1 |       0 |       5 |   0.0 |       0 |       3 |   0.0 |   135
           D:2 |       0 |      31 |   0.0 |       0 |      10 |   0.0 |   136
           D:4 |       0 |     362 |   0.0 |       0 |      12 |   0.0 |   984
           D:5 |       0 |     414 |   0.0 |       0 |      11 |   0.0 |   557
           D:6 |       0 |    1318 |   0.0 |       0 |      30 |   0.0 |   704
           D:7 |       0 |     203 |   0.0 |       0 |       6 |   0.0 |   555
           D:8 |       0 |    4116 |   0.0 |       0 |      25 |   0.0 |   870
           D:9 |       0 |     620 |   0.0 |       0 |      15 |   0.0 |   663
          D:10 |       0 |     180 |   0.0 |       0 |       5 |   0.0 |    33
               +---------+---------+-------+---------+---------+-------+---------
